 Dungeon Crawl Stone Soup version 0.28-a0-1506-g3893175d92 (webtiles) character file.

Game seed: 2239468845047363642

88 porpoise the Poker (level 4, -3/35 HPs)
             Began as a Demonspawn Gladiator on Jan 14, 2022.
             Slain by a gnoll (5 damage)
             ... on level 3 of the Dungeon.
             The game lasted 00:06:05 (1526 turns).

porpoise the Poker (Demonspawn Gladiator)           Turns: 1526, Time: 00:06:06

Health: -3/35      AC:  6    Str: 16    XL:     4   Next: 30%
Magic:  4/4        EV: 12    Int:  9    God:
Gold:   63         SH:  0    Dex: 15    Spells: 3/3 levels left

rFire   + . .      SeeInvis .   a - +0 trident
rCold   + . .      Faith    .   (no shield)
rNeg    . . .      Spirit   .   f - +0 leather armour
rPois   +          Reflect  .   c - +0 helmet
rElec   +          Harm     .   (no cloak)
rCorr   +          Rampage  .   (no gloves)
Will    .....                   (no boots)
Stlth   +.........              (no amulet)
HPRegen 0.11/turn               (no ring)
MPRegen 0.09/turn               (no ring)

@: resistant
A: molten scales 1, demonic magic 1
a: no special abilities


You were on level 3 of the Dungeon.
You visited 1 branch of the dungeon, and saw 3 of its levels.

You collected 63 gold pieces.

Inventory:

Hand Weapons
 a - a +0 trident (weapon)
 b - a +0 hunting sling
Missiles
 d - 3 throwing nets (quivered)
 e - 83 stones
 g - 3 poisoned darts
 h - 22 arrows
 l - 28 sling bullets
Armour
 c - a +0 helmet (worn)
 f - a +0 leather armour (worn)
Scrolls
 j - 2 scrolls of identify {unknown}
 k - a scroll of magic mapping {unknown}


   Skills:
 + Level 3.2 Fighting
 + Level 3.5 Polearms
 - Level 1.7 Throwing
 - Level 2.6 Dodging
 + Level 1.5 Ice Magic


You had 3 spell levels left.
You didn't know any spells.
Your spell library contained the following spells:

 Spells                   Type           Power      Damage    Failure   Level
 Freeze                   Ice            8%         1d3       26%         1
 Frozen Ramparts          Ice            4%         1d2       63%         3
 Hailstorm                Conj/Ice       1%         3d3       98%         4
 Fulminant Prism          Conj/Hex       0%         3d6       99%         4
 Iskenderun's Mystic Bla  Conj/Tloc      0%         2d3       99%         4
 Lee's Rapid Deconstruct  Erth           0%         3d5*      100%        5


Dungeon Overview and Level Annotations

Branches:
Dungeon (3/15)

Altars:
Elyvilon


Innate Abilities, Weirdness & Mutations

You are partially covered in molten scales. (AC +2)
Spells you cast may paralyse adjacent enemies.


Message History

You miss the adder.
The adder is severely wounded.
The adder misses you. The adder bites you.
You are poisoned.
The adder poisons you!
You hit the adder.
You kill the adder!
You feel sick. The bat hits you.
You miss the bat.
You feel sick. The bat misses you. The bat hits you but does no damage.
You puncture the bat!
You kill the bat!
You feel sick.
You hit the gnoll.
The gnoll is lightly wounded.
You feel sick. The gnoll hits you with a +0 whip.
You barely miss the gnoll.
The gnoll is lightly wounded.
You feel sick. The gnoll hits you with a +0 whip.
* * * LOW HITPOINT WARNING * * *
You hit the gnoll.
The gnoll is lightly wounded.
You feel sick.
You are no longer poisoned.
The gnoll hits you with a +0 whip.
* * * LOW HITPOINT WARNING * * *
You hit the gnoll.
The gnoll is moderately wounded.
The gnoll barely misses you.
You barely miss the gnoll.
The gnoll is moderately wounded.
The gnoll closely misses you.
You hit the gnoll but do no damage.
The gnoll is moderately wounded.
The gnoll hits you with a +0 whip.
* * * LOW HITPOINT WARNING * * *
It was a potion of resistance.
You feel protected. The gnoll hits you with a +0 whip.
You die...

#.......##.#..†...†........
#.......##.#............##.
#.......##.#............##
........##.#...............
..# #.#....#..........
#.#...†+.....###..
#.#....#.....# ..
#.#....#.....# .
#@#....#.....#
#g#....#.....#
##g#..........# #####
#..#.....#.##.#
.....########'##.....+ #
.....)...g...........###
...............).........
......................###
.g....................#


You could see 2 gnolls.

Vanquished Creatures
  2 gnolls (D:3)
  2 adders
  An orc (D:2)
  4 ball pythons
  6 endoplasms
  2 giant cockroaches (D:1)
  A goblin (D:2)
  5 hobgoblins
  10 jackals
  A quokka (D:2)
  4 bats
  2 frilled lizards
  3 kobolds
  3 rats
46 creatures vanquished.

Notes
Turn   | Place    | Note
-------+----------+-------------------------------------------
     0 | D:1      | porpoise the Demonspawn Gladiator began the quest for the
                  | Orb.
     0 | D:1      | Reached XP level 1. HP: 16/16 MP: 1/1
   163 | D:1      | Gained mutation: You are partially covered in molten
                  | scales. (AC +2) [demonic ancestry]
   163 | D:1      | Reached XP level 2. HP: 23/23 MP: 2/2
   704 | D:2      | Gained mutation: Spells you cast may paralyse adjacent
                  | enemies. [demonic ancestry]
   704 | D:2      | Reached XP level 3. HP: 28/28 MP: 3/3
   904 | D:2      | Reached skill level 1 in Ice Magic
  1433 | D:3      | Found a faded altar of an unknown god.
  1512 | D:3      | Reached XP level 4. HP: 23/35 MP: 4/4
  1526 | D:3      | Slain by a gnoll

Illustrated notes

Levels and vault maps discovered:
D:1:      wheals_arrival_shading, layout_rooms, minmay_indecisive_spiral
D:2:      layout_basic, basic_altar, minmay_misc_feat_tower
D:3:      layout_basic, hellmonk_ecumenical_altar_dog_temple, serial_shops,
          nicolae_shop_stone

Skill      XL: |  1  2  3 |
---------------+----------+-----
Polearms       | 3 |  3.5
Ice Magic      | 1 |  1.5
Fighting       | 3 |  3.2
Throwing       | |  1.7
Dodging        | |  2.6

Action                   |  1- 3 |  4- 6 || total
-------------------------+-------+-------++-------
Melee: Trident           |    97 |    14 ||   111
       Punch             |     1 |       ||     1
 Fire: Hunting sling     |    17 |       ||    17
  Use: Potion            |       |     1 ||     1
 Stab: Sleeping          |     2 |       ||     2
Armor: Leather armour    |    20 |     4 ||    24
Dodge: Dodged            |    52 |     5 ||    57

Table legend: (Time is in decaauts)
 A = Elapsed time spent in this place.
 B = Non-inter-level travel time spent in this place.
 C = Inter-level travel time spent in this place.
 D = Time resting spent in this place.
 E = Time spent auto-exploring this place.
 F = Levels seen in this place.
 G = Mean time per level.
                   A        B        C        D        E       F      G
               +--------+--------+--------+--------+--------+-----+--------+
         Total |   1534 |   1517 |     17 |    507 |    729 |   3 |  511.3 |
       Dungeon |   1534 |   1517 |     17 |    507 |    729 |   3 |  511.3 |
               +--------+--------+--------+--------+--------+-----+--------+

Top non-repeatable levels by time:
     D:2: 875 daAuts
     D:1: 513 daAuts
     D:3: 146 daAuts
